 Dungeon Crawl Stone Soup version 0.23.2-33-g5129a83184 (webtiles) character file.

Game seed: 15520578443013929923

296 DorianNounverber the Magician (level 6, -4/32 HPs)
             Began as a Deep Elf Wizard on July 10, 2019.
             Killed by nerve-wracking pain
             ... invoked by an orc priest
              (13 damage)
             ... on level 4 of the Dungeon.
             The game lasted 00:16:43 (4979 turns).

DorianNounverber the Magician (Deep Elf Wizard)     Turns: 4979, Time: 00:16:44

Health: -4/32      AC:  2    Str:  4    XL:     6   Next: 12%
Magic:  25/33      EV: 14    Int: 25    God:
Gold:   98         SH:  0    Dex: 17    Spells: 8/19 levels left

rFire    . . .     SeeInvis .   x - staff of power
rCold    . . .     Gourm    .   (no shield)
rNeg     . . .     Faith    .   a - +0 robe
rPois    .         Spirit   .   b - +0 hat
rElec    .         Reflect  .   (no cloak)
rCorr    .         Harm     .   (no gloves)
MR       .....                  (no boots)
Stlth    ++........             (no amulet)
HPRegen  0.10/turn              m - ring of flight
MPRegen  0.23/turn              q - +4 ring of dexterity

@: no status effects
A: no striking features
a: Evoke Flight


You were on level 4 of the Dungeon.
You were not hungry.

You visited 1 branch of the dungeon, and saw 4 of its levels.

You collected 98 gold pieces.

Inventory:

Hand Weapons
 g - a +1 whip of draining
 t - a +0 dagger of speed
Armour
 a - a +0 robe (worn)
 b - a +0 hat (worn)
Magical Staves
 x - an uncursed staff of power (weapon)
Jewellery
 m - a ring of flight (left hand)
 q - a +4 ring of dexterity (right hand)
Wands
 s - a wand of random effects (17)
 u - a wand of polymorph (7)
Scrolls
 f - a scroll of random uselessness {unknown}
 i - a scroll of immolation {unknown}
 k - a scroll of enchant weapon {unknown}
 r - a scroll of remove curse {unknown}
 y - a scroll of teleportation {unknown}
Potions
 h - a potion of berserk rage {unknown}
 j - a potion of curing {unknown}
 l - 3 potions of agility
 n - a potion of magic {unknown}
 o - a potion of invisibility {unknown}
 p - 2 potions of mutation
 w - a potion of degeneration {unknown}
Comestibles
 d - 7 rations


   Skills:
 * Level 1.0 Staves
 * Level 3.5 Dodging
 + Level 3.1 Stealth
 * Level 7.2 Spellcasting
 + Level 2.9 Conjurations
 + Level 2.0 Summonings
 + Level 1.1 Translocations


You had 8 spell levels left.
You knew the following spells:

 Your Spells              Type           Power        Failure   Level  Hunger
a - Magic Dart            Conj           ###.         1%          1    None
b - Blink                 Tloc           N/A          6%          2    None
c - Call Imp              Summ           ###.....     4%          2    None
d - Conjure Flame         Conj/Fire      ###.....     11%         3    None
e - Mephitic Cloud        Conj/Pois/Air  ##......     13%         3    None

Your spell library contained the following spells:

 Spells                   Type           Power        Failure   Level  Hunger
 Slow                     Hex            #.......     10%         2    None


Dungeon Overview and Level Annotations

Branches:
Dungeon (4/15)
 Temple: D:4-7

Altars:
Cheibriados
Wu Jian
The Shining One


Message History

The puff of frost hits the orc wizard.
The orc wizard mumbles some strange words.
The orc wizard flickers and vanishes!
Deactivating autopickup; reactivate with Ctrl-A.
The orc priest shouts!
You hit something but do no damage.
The orc priest calls down the wrath of Beogh upon you.
Beogh smites you!
* * * LOW HITPOINT WARNING * * *
Something hits you but does no damage.
The orc priest mumbles some strange prayers to Beogh against you.
Something writhes in agony!
Reactivating autopickup.
Your Staves skill increases to level 1!
You feel a bit more experienced.
You swap places.
The orc priest looks braver for a moment.
The orc priest invokes the aid of Beogh against you.
Pain shoots through your body!
You die...

######### ..#.....##
.........##
..........########
...........#.....##### #
..a(.................##...
.................5........
......§.......o.@.5.>.....
..........................
?............÷......!.....
..#..........$............
..###................##...
.. ##..............## ##
.. #####.$.#)######
#.#...# .....##


You could see an orc priest, a friendly iron imp and a friendly white imp.

Vanquished Creatures
  An ice beast (D:3)
  Ijyb (D:3)
  2 adders
  A worm (D:3)
  2 dart slugs
  A leopard gecko (D:2)
  3 orcs
  3 giant cockroaches
  7 goblins
  9 hobgoblins
  A quokka (D:3)
  11 bats
  5 frilled lizards
  12 kobolds
  A quokka skeleton (D:4)
  9 rats
69 creatures vanquished.

Vanquished Creatures (collateral kills)
  2 orc priests (D:4)
  A hound (D:3)
  Terence (D:3)
  A worker ant (D:3)
  3 adders
  An ooze (D:1)
  3 worms (D:2)
  2 orcs
  A giant cockroach (D:1)
  2 goblins (D:1)
  A hobgoblin (D:1)
  A frilled lizard (D:1)
19 creatures vanquished.

Vanquished Creatures (others)
  An orc wizard (D:4)
1 creature vanquished.

Grand Total: 89 creatures vanquished

Notes
Turn   | Place    | Note
-------+----------+-------------------------------------------
     0 | D:1      | DorianNounverber the Deep Elf Wizard began the quest for
                  | the Orb.
     0 | D:1      | Reached XP level 1. HP: 10/10 MP: 7/7
   149 | D:1      | Reached skill level 5 in Spellcasting
   152 | D:1      | Reached XP level 2. HP: 14/15 MP: 1/10
   311 | D:1      | Learned a level 2 spell: Blink
   314 | D:1      | Learned a level 2 spell: Call Imp
   818 | D:1      | Reached XP level 3. HP: 19/19 MP: 2/12
   948 | D:1      | Learned a level 3 spell: Conjure Flame
   952 | D:1      | Learned a level 3 spell: Mephitic Cloud
  1630 | D:2      | Reached skill level 6 in Spellcasting
  1945 | D:2      | Found a snail-covered altar of Cheibriados.
  2098 | D:2      | Reached XP level 4. HP: 24/24 MP: 7/14
  2943 | D:3      | Noticed Terence
  2958 | D:3      | Killed Terence
  3321 | D:3      | Noticed an ogre
  3438 | D:3      | Noticed Ijyb
  3439 | D:3      | Noticed an ice beast
  3464 | D:3      | Killed Ijyb
  3464 | D:3      | Reached XP level 5. HP: 28/28 MP: 12/16
  3493 | D:3      | Killed an ice beast
  3493 | D:3      | Reached skill level 7 in Spellcasting
  4011 | D:3      | Found a glowing golden altar of the Shining One.
  4013 | D:3      | Found an ornate altar of the Wu Jian Council.
  4285 | D:3      | Found a faded altar of an unknown god.
  4434 | D:3      | Reached XP level 6. HP: 17/32 MP: 8/18
  4628 | D:4      | HP: 1/32 [orc priest/divine providence (10)]
  4977 | D:4      | Reached skill level 1 in Staves
  4979 | D:4      | Killed from afar by an orc priest

Skill      XL: |  1  2  3  4  5  6 |
---------------+-------------------+-----
Spellcasting   | 5 6 7 |  7.2
Dodging        | 3 |  3.5
Conjurations   | 2 |  2.9
Summonings     | 2 |  2.0
Stealth        | 3 |  3.1
Staves         | 1 |  1.0
Translocations | |  1.1

Action                   |  1- 3 |  4- 6 || total
-------------------------+-------+-------++-------
Melee: Whip              |    11 |     1 ||    12
       Unarmed           |       |    14 ||    14
       Dagger            |       |     1 ||     1
       Staff             |       |     5 ||     5
 Cast: Magic Dart        |    86 |   103 ||   189
       Call Imp          |    22 |    26 ||    48
       Conjure Flame     |     2 |     7 ||     9
       Blink             |     1 |    11 ||    12
  Use: Scroll            |       |     4 ||     4
 Stab: Confused          |       |     3 ||     3
  Eat: Chunk             |     3 |     5 ||     8
       Ration            |       |     2 ||     2
Armor: Robe              |     7 |     3 ||    10
       Skin              |       |     1 ||     1
Dodge: Dodged            |    14 |    33 ||    47
